 Dungeon Crawl Stone Soup version 0.29.1-2-gbd0b4ee654 (webtiles) character file.

Game seed: 15577791528006198408

51 MisterFreud the Ducker (level 3, -2/25 HPs)
             Began as a Felid Berserker on Oct 24, 2022.
             Was a Believer of Trog.
             Slain by Grinder (10 damage)
             ... on level 3 of the Dungeon.
             The game lasted 00:02:02 (2826 turns).

MisterFreud the Ducker (Felid Berserker)            Turns: 2826, Time: 00:02:03

Health: -2/25      AC:  1    Str: 13    XL:     3   Next: 58%
Magic:  4/4        EV: 18    Int:  8    God:    Trog [**....]
Gold:   49         SH:  0    Dex: 17    Spells: 2/2 levels left
                                        Lives:  0   Deaths: 0

rFire   . . .      SeeInvis +     - Unarmed
rCold   . . .      Faith    .   (shield unavailable)
rNeg    . . .      Spirit   .   (body armour unavailable)
rPois   .          Reflect  .   (helmet unavailable)
rElec   .          Harm     .   (cloak unavailable)
rCorr   .          Rampage  .   (gloves unavailable)
Will    .....                   (boots unavailable)
Stlth   ..........              (no amulet)
HPRegen 0.08/turn               (no ring)
MPRegen 0.09/turn               (no ring)

@: berserking, very quick
A: very small, claws 1, fangs 3, see invisible, speed 1, shaggy fur 1, stealthy
paws, no weapons or thrown items, no armour, multi-lived
a: Renounce Religion, Berserk, Trog's Hand


You were on level 3 of the Dungeon.
You worshipped Trog.
Trog was pleased with you.
You visited 1 branch of the dungeon, and saw 3 of its levels.

You collected 49 gold pieces.

Inventory:

Jewellery
 c - an amulet of the acrobat
 d - a ring of willpower
Scrolls
 b - a scroll of identify
 e - 2 scrolls of magic mapping
 h - 2 scrolls of teleportation
Potions
 a - a potion of curing {unknown}
 f - a potion of heal wounds
 g - 2 potions of mutation
 i - a potion of might {unknown}


   Skills:
 - Level 3.0 Fighting
 - Level 4.0 Dodging
 + Level 3.3 Stealth
 + Level 3.9 Unarmed Combat


You had 2 spell levels left.
You didn't know any spells.
Your spell library was empty.

Dungeon Overview and Level Annotations

Branches:
Dungeon (3/15)

Altars:
Sif Muna

Shops:
D:1 =

Annotations:
D:3 Grinder


Innate Abilities, Weirdness & Mutations

You have sharp claws.
You have razor-sharp teeth.
You have supernaturally acute eyesight. (SInv)
You cover ground quickly. (Speed+)
You are covered in fur. (AC +1)
Your paws help you pounce on unaware monsters.
You are incapable of wielding weapons or throwing items.
You cannot wear armour.
You gain extra lives every three experience levels.


Message History

You feel yourself speed up.
You start resting.
You recover from your berserk rage.
You start resting.
HP restored.
Things that are here:
a +2 vorpal war axe; a +0 chain mail
i - an orange potion
Found a book of Geomancy.
No target in view!
You open the door.
Grinder comes into view.
There is an open door here.
Grinder is nearby!
The helpless Grinder fails to defend herself.
You mangle Grinder!!
Grinder is severely wounded.
Grinder completely misses you.
Grinder is nearby!
You scratch Grinder.
Grinder is severely wounded.
Grinder rolls her eyes.
Grinder closely misses you.
You scratch Grinder.
Grinder is severely wounded.
Grinder hits you!
Ouch! That really hurt!
You writhe in agony.
* * * LOW HITPOINT WARNING * * *
You are too injured to fight recklessly!
Unknown command.
A red film seems to cover your vision as you go berserk!
You feel yourself moving faster!
You feel mighty!
Grinder drinks a potion.
Grinder is healed!
You claw Grinder! Your bite misses Grinder.
Grinder is severely wounded.
You claw Grinder! You bite Grinder.
Grinder is almost dead.
Grinder hits you!
You die...

#......#
#......##############
#......+.............
#......##............
#..........:.........
#....................
#......#.............
#......#+####'#######
#.........# #@.#
#.........# ##5#
####......## ...
#.......# ####
#.......#########
#...............#
#......#........#
#......#........#
#......##...#####


You could see Grinder.

Vanquished Creatures
  An adder (D:2)
  An orc (D:3)
  2 endoplasms (D:1)
  2 giant cockroaches (D:1)
  4 goblins
  5 hobgoblins (D:2)
  3 jackals (D:2)
  3 ball pythons
  6 bats
  3 frilled lizards
  7 kobolds
  4 rats
41 creatures vanquished.

Notes
Turn   | Place    | Note
-------+----------+-------------------------------------------
     0 | D:1      | MisterFreud the Felid Berserker began the quest for the
                  | Orb.
     0 | D:1      | Reached XP level 1. HP: 10/10 MP: 2/2
   173 | D:1      | Reached skill level 1 in Stealth
   529 | D:1      | Reached XP level 2. HP: 14/14 MP: 3/3
   539 | D:1      | Found Qohaig's Jewellery Shop.
  1604 | D:2      | Reached XP level 3. HP: 13/17 MP: 4/4
  1836 | D:2      | Reached ** piety under Trog
  2109 | D:2      | Found a faded altar of an unknown god.
  2454 | D:3      | Found a shimmering blue altar of Sif Muna.
  2818 | D:3      | Noticed Grinder
  2826 | D:3      | Slain by Grinder

Illustrated notes

Levels and vault maps discovered:
D:1:      dpeg_arrival_solitude, layout_loops_corners, serial_shops,
          shop_fountains, minmay_parallelograms
D:2:      layout_loops_ring, basic_ecumenical_altar
D:3:      layout_basic, nicolae_overflow_hidden_temple,
          nicolae_tso_swordbearing_angel, grunt_qazlal_sundering, uniq_grinder

Skill      XL: |  1  2  3 |
---------------+----------+-----
Stealth        | 1 2 3 |  3.3
Fighting       | |  3.0
Dodging        | |  4.0
Unarmed Combat | |  3.9

Action                   || total
-------------------------++-------
Melee: Unarmed           ||   111
       Bite              ||    10
       Punch             ||     2
Invok: Berserk           ||     2
  Use: Scroll            ||     5
 Stab: Sleeping          ||    10
Armor: Skin              ||     3
Dodge: Dodged            ||    79
